 Dungeon Crawl Stone Soup version 0.23.2-40-g277498a (webtiles) character file.

Game seed: 9641642715560348279

367 zhovat the Skirmisher (level 6, -1/56 HPs)
             Began as a Hill Orc Fighter on Oct 14, 2019.
             Splashed by an orc's acid (8 damage)
             ... on level 3 of the Dungeon.
             The game lasted 00:04:19 (3265 turns).

zhovat the Skirmisher (Hill Orc Fighter)            Turns: 3265, Time: 00:04:21

Health: -1/56      AC:  8    Str: 21    XL:     6   Next: 69%
Magic:  6/6        EV:  8    Int:  8    God:
Gold:   298        SH:  9    Dex: 10    Spells: 5/5 levels left

rFire    . . .     SeeInvis .   a - +0 flail
rCold    . . .     Gourm    .   c - +0 shield
rNeg     . . .     Faith    .   b - +0 scale mail
rPois    .         Spirit   .   d - +0 helmet
rElec    .         Reflect  .   (no cloak)
rCorr    .         Harm     .   (no gloves)
MR       .....                  (no boots)
Stlth    ..........             (no amulet)
HPRegen  0.18/turn              (no ring)
MPRegen  0.10/turn              (no ring)

@: no status effects
A: no striking features
a: no special abilities


You were on level 3 of the Dungeon.
You were not hungry.

You visited 1 branch of the dungeon, and saw 3 of its levels.

You collected 298 gold pieces.

Inventory:

Hand Weapons
 a - a +0 flail (weapon)
Armour
 b - a +0 scale mail (worn)
 c - a +0 shield (worn)
 d - a +0 helmet (worn)
Scrolls
 l - 3 scrolls of fog
 m - a scroll of enchant weapon
 n - 2 scrolls of blinking
 o - a scroll of teleportation
 q - 2 scrolls of identify
Potions
 e - a potion of flight {unknown}
 h - a potion of agility
 i - 2 potions of curing
 j - 2 potions of heal wounds
 k - a potion of cancellation
 p - a potion of mutation {unknown}
 r - a potion of lignification {unknown}
Comestibles
 f - 6 rations


   Skills:
 + Level 5.0 Fighting
 + Level 3.8 Maces & Flails
 + Level 4.6 Armour
 + Level 2.2 Dodging
 + Level 4.5 Shields


You had 5 spell levels left.
You didn't know any spells.
Your spell library was empty.

Dungeon Overview and Level Annotations

Branches:
Dungeon (3/15)

Altars:


Message History

The orc is almost dead.
The orc hits you but does no damage.
You hit the orc but do no damage.
The orc is almost dead.
The orc hits you but does no damage.
The orc wizard casts a spell.
The orc wizard blinks!
You hit the orc but do no damage. You block the orc's attack.
You hit the orc.
The orc is heavily wounded.
The orc zaps a wand.
The bolt of acid hits you!
You are splashed with acid!
The orc wizard casts a spell.
The orc wizard blinks!
You closely miss the orc.
The orc is heavily wounded.
The orc hits you with a +0 whip.
The orc zaps a wand.
The bolt of acid hits you!!
* * * LOW HITPOINT WARNING * * *
You are splashed with acid!
You die...

#(##.##.##รท#.#####.....#......#.#
#.##.##.##.#.# #.#..#.........
.........#.#.######.#.........#.#
#.##.##..#.#.....................
....................#[##......#.#
..##.###.......................##
..# # #.#.#..#####...##.........
..##.# #.#.#..#####.######.>.[###
.............ooo@................
........ .....#####.####.##...###
.#######.......####.####.#....# .#
.#.##.........##.##...### ...
....##..####.#.##.##...... ..##
#........#...... ..#
#...........###. ...
#........#...... #..#
#........#.#####


You could see 3 orcs.

Vanquished Creatures
  Sigmund (D:2)
  12 adders
  2 oozes
  2 worms
  4 dart slugs
  5 leopard geckos
  6 orcs (D:3)
  6 bats
  3 giant cockroaches
  5 goblins
  10 hobgoblins
  2 jackals (D:1)
  5 kobolds
  2 frilled lizards
  4 rats
69 creatures vanquished.

Notes
Turn   | Place    | Note
-------+----------+-------------------------------------------
     0 | D:1      | zhovat the Hill Orc Fighter began the quest for the Orb.
     0 | D:1      | Reached XP level 1. HP: 19/19 MP: 1/1
    62 | D:1      | Reached XP level 2. HP: 22/27 MP: 2/2
   731 | D:1      | Reached XP level 3. HP: 33/33 MP: 3/3
   811 | D:1      | Reached skill level 4 in Fighting
  1388 | D:2      | Reached skill level 1 in Dodging
  1474 | D:2      | Reached XP level 4. HP: 40/40 MP: 4/4
  1660 | D:2      | Noticed Sigmund
  1680 | D:2      | Killed Sigmund
  1680 | D:2      | Reached XP level 5. HP: 14/47 MP: 5/5
  1680 | D:2      | Reached XP level 6. HP: 17/55 MP: 6/6
  2888 | D:3      | Reached skill level 5 in Fighting
  3265 | D:3      | Splashed by an orc's acid

Skill      XL: |  1  2  3  4  5  6 |
---------------+-------------------+-----
Fighting       | 4 5 |  5.0
Dodging        | 1 2 |  2.2
Maces & Flails | 3 |  3.8
Armour         | 4 |  4.6
Shields        | 4 |  4.5

Action                   |  1- 3 |  4- 6 || total
-------------------------+-------+-------++-------
Melee: Flail             |   115 |   211 ||   326
  Use: Scroll            |     5 |     5 ||    10
       Potion            |       |     1 ||     1
  Eat: Chunk             |     2 |     6 ||     8
Armor: Scale mail        |    44 |   108 ||   152
Dodge: Dodged            |    36 |    85 ||   121
Block: Shield            |    70 |   104 ||   174
